 Dungeon Crawl Stone Soup version 0.29-a0-40-g8eb35efe60 (webtiles) character file.

Game seed: 5453832646713253448

6471 mcgeepi the Martial Artist (level 10, -1/70 HPs)
             Began as a Demonspawn Transmuter on Feb 2, 2022.
             Was a High Priest of Nemelex Xobeh.
             Slain by a blink frog (10 damage)
             ... on level 1 of the Lair of Beasts.
             The game lasted 00:26:59 (11355 turns).

mcgeepi the Martial Artist (Demonspawn Transmuter) Turns: 11355, Time: 00:27:00

Health: -1/70      AC: 12    Str: 11    XL:     10   Next: 68%
Magic:  16/19      EV: 14    Int: 18    God:    Nemelex Xobeh [*****.]
Gold:   412        SH:  4    Dex: 17    Spells: 15/21 levels left

rFire   + . .      SeeInvis .     - Unarmed
rCold   . . .      Faith    .   (no shield)
rNeg    . . .      Spirit   .   p - +2 swamp dragon scales
rPois   +          Reflect  .   (helmet currently unavailable)
rElec   .          Harm     .   d - +0 cloak of Ikagoenu {Rampage}
rCorr   .          Rampage  +   u - +0 pair of fencer's gloves {Riposte Dex+3}
Will    .....                   (boots currently unavailable)
Stlth   +.........              (no amulet)
HPRegen 0.21/turn               f - ring of protection from fire
MPRegen 0.16/turn               (no ring)

@: appendages, wereblooded
A: horns 2, talons 2, claws 1, repulsion field 1, condensation shield
a: End Transformation, Renounce Religion, Draw Escape, Draw Destruction, Draw
Summoning, Triple Draw, Deal Four, Stack Five


You were on level 1 of the Lair of Beasts.
You worshipped Nemelex Xobeh.
Nemelex Xobeh was extremely pleased with you.
You had temporarily grown beastly horns and talons.
You visited 3 branches of the dungeon, and saw 12 of its levels.

You collected 412 gold pieces.

Inventory:

Missiles
 i - a throwing net
Armour
 a - a +0 robe
 d - the +0 cloak of Ikagoenu (worn) {Rampage}
   (You found it on level 2 of the Dungeon)

   Rampage:   It bestows one free step when moving towards enemies.
 m - a +3 leather armour of fire resistance
 p - +2 swamp dragon scales (worn)
 s - a +1 pair of gloves
 u - the +0 pair of fencer's gloves (worn) {Riposte Dex+3}
   (You found it on level 6 of the Dungeon)

   It allows the wearer to riposte with melee weapons, swiftly retaliating
   against missed attacks.
   Dex:       It affects your dexterity (+3).
 y - a +1 pair of gloves
Jewellery
 f - a ring of protection from fire (left hand)
Wands
 n - a wand of charming (15)
 q - a wand of flame (18)
Scrolls
 c - 3 scrolls of identify
 h - a scroll of noise
 o - a scroll of magic mapping
 x - a scroll of enchant armour
Potions
 g - 3 potions of curing
 k - a potion of might {unknown}
 l - a potion of flight {unknown}
 r - a potion of brilliance {unknown}
 t - a potion of attraction {unknown}
 w - a potion of magic {unknown}


   Skills:
 + Level 3.4 Fighting
 + Level 2.5 Armour
 + Level 5.3 Dodging
 + Level 3.0 Shields
 + Level 9.3 Unarmed Combat
 + Level 6.4 Spellcasting
 + Level 5.8 Transmutations
 - Level 2.4 Poison Magic
 + Level 5.3 Invocations


You had 15 spell levels left.
You knew the following spells:

 Your Spells              Type           Power      Damage    Failure   Level
a - Beastly Appendage     Tmut           52%        N/A       2%          1
b - Wereblood             Tmut           26%        N/A       3%          2
c - Spider Form           Tmut/Pois      20%        N/A       16%         3

Your spell library contained the following spells:

 Spells                   Type           Power      Damage    Failure   Level
 Sting                    Tmut/Pois      80%        1d7       4%          1
 Poisonous Vapours        Pois/Air       20%        N/A       26%         2
 Ensorcelled Hibernation  Hex/Ice        10%        N/A       38%         2
 Ice Form                 Ice/Tmut       16%        N/A       63%         4
 Petrify                  Tmut/Erth      16%        N/A       63%         4
 Olgreb's Toxic Radiance  Pois           14%        N/A       69%         4
 Animate Dead             Necr           2%         N/A       95%         4
 Iron Shot                Conj/Erth      2%         9d2       100%        6
 Haunt                    Necr/Summ      2%         N/A       100%        7
 Ozocubu's Refrigeration  Ice            2%         4d5       100%        7
 Infestation              Necr           2%         N/A       100%        8


Dungeon Overview and Level Annotations

Branches:
Dungeon (10/15)            Temple (1/1) D:4            Lair (1/6) D:9
    Orc: D:9-12

Altars:
Ashenzari
Cheibriados
Dithmenos
Elyvilon
Fedhas
Gozag
Hepliaklqana
Kikubaaqudgha
Makhleb
Nemelex Xobeh
Okawaru
Qazlal
Ru
Sif Muna
Trog
Uskayaw
Vehumet
Wu Jian
Xom
Yredelemnul
Zin
The Shining One


Innate Abilities, Weirdness & Mutations

You have temporarily grown beastly horns and talons.
You have sharp fingernails.
You are surrounded by a mild repulsion field. (EV +2)
A meltable shield of frost defends you. (SH +4)


Message History

You barely miss the blink frog.
The blink frog is almost dead.
The blink frog blinks!
The blink frog closely misses you. x2
The blink frog blinks!
Your transformation has ended.
The +0 cloak of Ikagoenu {Rampage} unmelds from your body.
The +0 pair of fencer's gloves {Riposte Dex+3} unmelds from your body.
Your +2 swamp dragon scales unmelds from your body.
En garde!
The blink frog misses you.
You kill the blink frog!
Your Shields skill increases to level 3!
You miss the blink frog.
The blink frog is moderately wounded.
The blink frog blinks!
You are too injured to fight recklessly!
Casting: Spider Form (dangerous; 16% risk of failure)
Confirm with . or Enter, or press ? or * to list all spells.
You grow a pair of large bovine horns.
Your feet morph into talons.
The blink frog closely misses you.
Casting: Beastly Appendage (safe; 2% risk of failure)
Confirm with . or Enter, or press ? or * to list all spells.
Your blood is infused with primal strength.
The blink frog hits you!
* * * LOW HITPOINT WARNING * * *
Unknown command.
You closely miss the blink frog. Your kick misses the blink frog.
Your headbutt misses the blink frog. You punch the blink frog!
The blink frog is moderately wounded.
You punch the blink frog! Your headbutt misses the blink frog.
The blink frog is moderately wounded.
The blink frog hits you.
* * * LOW HITPOINT WARNING * * *
The blink frog hits you but does no damage.
The blink frog blinks!
You miss the blink frog. Your headbutt misses the blink frog.
The blink frog is moderately wounded.
The blink frog misses you. The blink frog hits you!
You die...
Your body glows with a rainbow of weird colours and disappears.

### ### #####.### ###### ....
#P..##..####.#..#######
....##...##...§F@..........#
#...#.... #...†#F.......P#.##
........###....##..##..####.##
#.....##†.F###..###.## ##(#
.###............P..####.## #.##
.............F......####.###..##
.....................##.#...##.##
......###..............#....###.#
....... .......F.............#...


You could see 2 blink frogs.

Vanquished Creatures
  A black mamba (Lair:1)
  A torpor snail (D:8)
  A cane toad (Lair:1)
  A hellwing (D:7)
  A troll (D:9)
  Grinder (D:4)
  A blink frog (Lair:1)
  Prince Ribbit (D:8)
  A wraith (D:9)
  6 yaks (Lair:1)
  A steam dragon (D:8)
  A warg (D:9)
  A water moccasin (D:6)
  Edmund (D:6)
  Duvessa (D:4)
  An ice beast (D:8)
  2 sky beasts (D:6)
  A hornet zombie (D:6)
  5 orc warriors
  A black bear (D:5)
  An ogre (D:6)
  3 centaurs
  A phantom (D:6)
  Blork the orc (D:4)
  2 bullfrogs
  A scorpion (D:6)
  4 howler monkeys
  3 hounds
  A gnoll shaman (D:9)
  2 orc priests (D:8)
  2 jellies
  4 iguanas
  2 orc wizards
  A killer bee zombie (D:6)
  2 hound skeletons
  A howler monkey zombie (D:9)
  An adder (D:6)
  4 gnolls
  A shadow imp (D:7)
  A white imp (D:6)
  An adder skeleton (D:4)
  3 worms
  6 dart slugs
  24 orcs
  3 ball pythons
  4 bats (D:1)
  11 endoplasms
  2 giant cockroaches
  9 goblins
  3 hobgoblins
  6 quokkas
  7 frilled lizards
  10 kobolds
  7 rats
164 creatures vanquished.

Vanquished Creatures (collateral kills)
  Maggie (D:7)
  The ghost of Cecur the Cutter, an amateur DsGl (D:3)
  A black bear (D:2)
  Dowan (D:4)
  The ghost of Cecur the Ducker, a weakling DsGl (D:3)
  A white imp (D:7)
  A hobgoblin (D:4)
7 creatures vanquished.

Vanquished Creatures (others)
  A ball python (D:2)
  2 fungi (Lair:1)
  4 plants (Lair:1)
7 creatures vanquished.

Grand Total: 178 creatures vanquished

Notes
Turn   | Place    | Note
-------+----------+-------------------------------------------
     0 | D:1      | mcgeepi the Demonspawn Transmuter began the quest for the
                  | Orb.
     0 | D:1      | Reached XP level 1. HP: 15/15 MP: 3/3
   432 | D:1      | Gained mutation: You have sharp fingernails. [demonic
                  | ancestry]
   432 | D:1      | Reached XP level 2. HP: 21/21 MP: 3/5
   499 | D:1      | HP: 1/21 [rat (1)]
   870 | D:1      | Reached skill level 3 in Unarmed Combat
  1102 | D:1      | Found a faded altar of an unknown god.
  1111 | D:1      | Prayed at the altar of an unknown god.
  1111 | D:1      | Became a worshipper of Nemelex Xobeh the Trickster
  1111 | D:1      | Reached * piety under Nemelex Xobeh
  1241 | D:1      | Reached XP level 3. HP: 6/26 MP: 4/6
  1494 | D:1      | Received a gift from Nemelex Xobeh
  1799 | D:2      | Learned a level 2 spell: Wereblood
  1803 | D:2      | Learned a level 3 spell: Spider Form
  1946 | D:2      | Noticed a black bear
  1959 | D:2      | Identified the +0 cloak of Ikagoenu {Rampage}
  1985 | D:2      | Reached ** piety under Nemelex Xobeh
  2584 | D:3      | Gained mutation: A meltable shield of frost defends you.
                  | (SH +4) [demonic ancestry]
  2584 | D:3      | Reached XP level 4. HP: 27/32 MP: 1/8
  2787 | D:2      | Received a gift from Nemelex Xobeh
  2904 | D:2      | Identified the -2 hand axe "Equpn" {venom, *Noise rElec
                  | rPois Str+8}
  2913 | D:2      | Killed a black bear
  2914 | D:2      | Reached XP level 5. HP: 37/37 MP: 9/9
  3459 | D:3      | Found a runed translucent gate.
  3460 | D:3      | Found a runed translucent gate.
  3460 | D:3      | Found a runed translucent gate.
  3460 | D:3      | Noticed Cecur's ghost (amateur DsGl)
  3460 | D:3      | Noticed Cecur's ghost (weakling DsGl)
  3473 | D:3      | Killed Cecur's ghost
  3476 | D:3      | Killed Cecur's ghost
  3477 | D:3      | Reached skill level 4 in Unarmed Combat
  3477 | D:3      | Reached XP level 6. HP: 43/43 MP: 9/11
  4000 | D:4      | Noticed Grinder
  4000 | D:4      | Found a staircase to the Ecumenical Temple.
  4007 | D:4      | Paralysed by Grinder for 4 turns
  4022 | D:4      | Paralysed by Grinder for 5 turns
  4028 | D:4      | Killed Grinder
  4029 | D:4      | Reached skill level 1 in Poison Magic
  4029 | D:4      | Reached XP level 7. HP: 33/48 MP: 10/13
  4169 | Temple   | Entered the Ecumenical Temple
  4511 | D:4      | Received a gift from Nemelex Xobeh
  4575 | D:4      | Noticed Blork the orc
  4590 | D:4      | Killed Blork the orc
  4591 | D:4      | Reached skill level 5 in Unarmed Combat
  4964 | D:4      | Reached *** piety under Nemelex Xobeh
  5011 | D:4      | Noticed Dowan
  5012 | D:4      | Noticed Duvessa
  5024 | D:4      | Killed Duvessa
  5028 | D:4      | Killed Dowan
  5185 | D:5      | Entered Level 5 of the Dungeon
  5187 | D:5      | Reached XP level 8. HP: 55/55 MP: 14/14
  5272 | D:5      | Found a broken altar of Ashenzari.
  5275 | D:5      | Found a blossoming altar of Fedhas.
  5454 | D:6      | Reached skill level 1 in Shields
  5489 | D:6      | Found a sparkling altar of Nemelex Xobeh.
  5732 | D:6      | Found a basalt altar of Yredelemnul.
  5745 | D:6      | Reached skill level 6 in Unarmed Combat
  5809 | D:6      | Found an ornate altar of the Wu Jian Council.
  5822 | D:6      | Found a radiant altar of Vehumet.
  5865 | D:6      | Found the +0 pair of fencer's gloves {Riposte Dex+3}
  6028 | D:6      | Noticed Edmund
  6033 | D:6      | Killed Edmund
  6034 | D:6      | Reached skill level 5 in Spellcasting
  6052 | D:6      | Found a shimmering altar of Xom.
  6239 | D:6      | Found a stormy altar of Qazlal.
  6239 | D:6      | Found an ornate altar of the Wu Jian Council.
  6241 | D:6      | Found a bloodstained altar of Trog.
  6241 | D:6      | Found an iron altar of Okawaru.
  6241 | D:6      | Found a shimmering altar of Xom.
  6591 | D:6      | Reached skill level 7 in Unarmed Combat
  6591 | D:6      | Gained mutation: You are surrounded by a mild repulsion
                  | field. (EV +2) [demonic ancestry]
  6591 | D:6      | Reached XP level 9. HP: 40/62 MP: 16/16
  6699 | D:6      | Received a gift from Nemelex Xobeh
  7020 | D:7      | Reached **** piety under Nemelex Xobeh
  7053 | D:7      | Reached skill level 5 in Transmutations
  7655 | D:7      | Noticed Maggie
  7665 | D:7      | Killed Maggie
  7998 | D:7      | Received a gift from Nemelex Xobeh
  8090 | D:7      | Got Byimio's Papyrus of the Ashen Frostbite
  8157 | D:6      | Noticed a rust devil
  8157 | D:6      | Noticed a rust devil
  8157 | D:6      | Identified the +1 plate armour "Ysoi" {rN+}
  8237 | D:8      | Noticed a two-headed ogre
  8244 | D:8      | Noticed a torpor snail
  8244 | D:8      | a two-headed ogre changed into a torpor snail
  8245 | D:8      | Killed a torpor snail
  8246 | D:8      | Reached skill level 8 in Unarmed Combat
  8246 | D:8      | Reached skill level 1 in Invocations
  8357 | D:8      | Noticed Prince Ribbit
  8364 | D:8      | Killed Prince Ribbit
  8789 | D:8      | Reached ***** piety under Nemelex Xobeh
  9209 | D:8      | Received a gift from Nemelex Xobeh
  9324 | D:7      | Noticed a hellwing
  9324 | D:7      | a rust devil changed into a hellwing
  9324 | D:7      | Noticed a hellwing
  9324 | D:7      | a rust devil changed into a hellwing
  9371 | D:10     | Entered Level 10 of the Dungeon
  9695 | D:9      | Reached skill level 1 in Armour
  9695 | D:9      | Reached XP level 10. HP: 16/70 MP: 14/18
 10108 | D:9      | Found a staircase to the Lair.
 10853 | D:6      | Reached skill level 5 in Dodging
 10974 | D:9      | Received a gift from Nemelex Xobeh
 11035 | D:9      | Noticed a two-headed ogre
 11092 | Lair:1   | Entered Level 1 of the Lair of Beasts
 11131 | Lair:1   | Noticed a cane toad
 11142 | Lair:1   | Killed a cane toad
 11202 | Lair:1   | Reached skill level 5 in Invocations
 11212 | Lair:1   | Reached skill level 9 in Unarmed Combat
 11310 | Lair:1   | Noticed a black mamba
 11331 | Lair:1   | Killed a black mamba
 11355 | Lair:1   | Slain by a blink frog

Illustrated notes

Levels and vault maps discovered:
D:1:      eino_arrival_tree_alley, layout_loops_ring,
          ebering_ecumenical_altar_mist, kennysheep_minor_cross,
          minmay_tiny_reverse_x
D:2:      layout_basic, minmay_box_of_dots
D:3:      layout_basic, gammafunk_ghost_cemetery
D:4:      layout_rooms, minmay_temple_entry_mini_moons, uniq_grinder,
          uniq_blork_the_orc, uniq_duvessa
D:5:      layout_rooms, mainiacjoe_overflow_paths, grunt_temple_overflow_open,
          minmay_misc_feat_more_columns
D:6:      cheibrodos_iron_armory, layout_loops_cross,
          mainiacjoe_overflow_alcove_2, nicolae_overflow_hidden_temple,
          chequers_temple_overflow_statue_of_worship, doesnt_xom_only_xom,
          uniq_edmund
D:7:      layout_basic, uniq_maggie
D:8:      layout_basic, uniq_prince_ribbit1
D:9:      lemuel_castle_with_subvaults [lemuel_castle_interior_carwin_3],
          layout_irregular_city, lair_entry_dummy, ebering_ghost_funeral_grove
D:10:     layout_roguey, gammafunk_ghost_stat_death
Temple:   zaba_magenta_temple
Lair:1:   layout_cave_shapes, serial_bayou_shore_b, serial_bayou_shore_b

Skill      XL: |  1  2  3  4  5  6  7  8  9 10 |
---------------+-------------------------------+-----
Dodging        | 2 3 4 5 |  5.3
Unarmed Combat | 3 4 5 7 8 9 |  9.3
Transmutations | 2 3 4 5 |  5.8
Spellcasting   | 3 4 5 6 |  6.4
Poison Magic   | 1 2 |  2.4
Shields        | 1 2 3 |  3.0
Fighting       | 2 3 |  3.4
Invocations    | 3 5 |  5.3
Armour         | 1 2 |  2.5

Action                   |  1- 3 |  4- 6 |  7- 9 | 10-12 || total
-------------------------+-------+-------+-------+-------++-------
Melee: Unarmed           |   122 |    40 |   271 |   120 ||   553
       Kick              |    22 |     9 |    10 |    20 ||    61
       Headbutt          |    12 |     4 |     8 |    19 ||    43
       Punch             |     1 |     1 |     1 |     3 ||     6
 Cast: Beastly Appendage |    34 |    15 |    13 |     6 ||    68
       Spider Form       |     2 |     1 |    28 |     7 ||    38
       Wereblood         |       |       |       |     2 ||     2
Invok: Draw Destruction  |     2 |     8 |    21 |       ||    31
       Draw Summoning    |       |     4 |     6 |       ||    10
       Draw Escape       |       |     1 |     9 |     1 ||    11
  Use: Scroll            |     1 |     2 |     4 |     2 ||     9
       Potion            |     1 |       |     2 |     5 ||     8
 Stab: Sleeping          |       |     1 |       |       ||     1
       Distracted        |       |       |     2 |       ||     2
Armor: Robe              |    20 |     1 |     1 |       ||    22
       Skin              |       |       |    11 |     1 ||    12
       Swamp dragon scal |       |       |     4 |    17 ||    21
Dodge: Dodged            |    90 |    14 |   227 |   130 ||   461
Block: Other             |       |     2 |    45 |    17 ||    64
       Rpst.: Unarmed    |       |       |       |     8 ||     8

Table legend: (Time is in decaauts)
 A = Elapsed time spent in this place.
 B = Non-inter-level travel time spent in this place.
 C = Inter-level travel time spent in this place.
 D = Time resting spent in this place.
 E = Time spent auto-exploring this place.
 F = Levels seen in this place.
 G = Mean time per level.
                   A        B        C        D        E       F      G
               +--------+--------+--------+--------+--------+-----+--------+
         Total |  11266 |  10674 |    592 |      0 |   8748 |  12 |  938.8 |
       Dungeon |  10864 |  10291 |    573 |      0 |   8484 |  10 | 1086.4 |
        Temple |    152 |    133 |     19 |      0 |    129 |   1 |  152.0 |
          Lair |    250 |    250 |      0 |      0 |    135 |   1 |  250.0 |
               +--------+--------+--------+--------+--------+-----+--------+

Top non-repeatable levels by time:
     D:6: 1843 daAuts
     D:1: 1792 daAuts
     D:7: 1678 daAuts
     D:3: 1323 daAuts
     D:8: 1257 daAuts
     D:4: 1026 daAuts
     D:2: 876 daAuts
     D:9: 677 daAuts
    D:10: 288 daAuts
  Lair:1: 250 daAuts
  Temple: 152 daAuts
     D:5: 102 daAuts
